 Dungeon Crawl Stone Soup version 0.20.1-1-g8b1a95d (webtiles) character file.

42522 recordrepeat the Severer (level 14, -6/113 HPs)
             Began as a Hill Orc Fighter on Dec 14, 2017.
             Was a High Priest of Beogh.
             Mangled by a redback (14 damage)
             ... on level 1 of the Spider Nest on Dec 16, 2017.
             The game lasted 01:50:14 (22712 turns).

recordrepeat the Severer (Hill Orc Fighter)        Turns: 22712, Time: 01:50:15

Health: -6/113     AC: 18    Str: 24    XL:     14   Next: 20%
Magic:  15/17      EV:  4    Int:  8    God:    Beogh [*****.]
Gold:   866        SH:  0    Dex: 16    Spells: 13/13 levels left

rFire    . . .     SeeInvis +   M - +8 war axe of Fortitude {chaos, rElec MR+ Stlth-}
rCold    . . .     Gourm    .   c - +0 shield
rNeg     . . .     Faith    +   F - +0 plate armour
rPois    .         Spirit   .   Z - +0 helmet {SInv}
rElec    +         Reflect  .   (no cloak)
rCorr    +         Harm     .   L - +0 pair of gloves
MR       ++...     Clarity  +   (no boots)
Stlth    ..........             f - amulet of faith
Regen    0.3/turn               k - +6 ring of dexterity
MPRegen  0.2/turn               K - ring of resist corrosion

@: lethally poisoned (-6 -> -30), held, recalling
A: walk on water, clarity, frail 1, screaming 1
a: Smiting, Stop Recall, Give Item to Named Follower, Renounce Religion


You were on level 1 of the Spider Nest.
You worshipped Beogh.
Beogh was extremely pleased with you.
You were very hungry.

You visited 4 branches of the dungeon, and saw 18 of its levels.
You also visited: Labyrinth and Ossuary.

You collected 1411 gold pieces.
You spent 545 gold pieces at shops.

Inventory:

Hand Weapons
 M - the +8 war axe of Fortitude (weapon) {chaos, rElec MR+ Stlth-}
   (You bought it in a shop on level 7 of the Dungeon)

   Each time it hits an enemy it has a different, random effect.
   It insulates you from electricity.
   It affects your resistance to hostile enchantments.
   It makes you less stealthy.
 S - the +5 glaive of Pimp {chop, Dex+3}
   (You found it in a labyrinth)

   It inflicts extra damage upon your enemies.
   It affects your dexterity (+3).
Armour
 c - a +0 shield (worn)
 F - a +0 plate armour (worn)
 L - a +0 pair of gloves (worn)
 Z - a +0 helmet of see invisible (worn)
Jewellery
 f - an amulet of faith (around neck)
 k - a +6 ring of dexterity (left hand)
 G - a +2 ring of dexterity
 I - a +3 ring of strength {unknown}
 K - a ring of resist corrosion (right hand)
Wands
 e - a wand of paralysis (8/24)
 i - a wand of acid (0/15)
 j - a wand of iceblast (8/15)
 s - a wand of paralysis (3/24)
 C - a wand of polymorph (6/24)
 D - a wand of scattershot (4/9)
 N - a wand of enslavement (8/24)
 Q - a wand of flame (13/48)
 R - a wand of disintegration (14/24)
 T - a wand of acid (6/15)
 Y - a wand of paralysis (9/24)
Scrolls
 b - 2 scrolls of fear
 h - 4 scrolls of enchant weapon
 n - 3 scrolls of noise {unknown}
 p - 7 scrolls of blinking {unknown}
 t - 7 scrolls of teleportation
 u - 5 scrolls of enchant armour {unknown}
 v - 6 scrolls of magic mapping
 w - 4 scrolls of recharging {unknown}
 y - 7 scrolls of remove curse
 H - a scroll of brand weapon {unknown}
 J - a scroll of summoning {unknown}
 U - a scroll of fog {unknown}
 X - a scroll of vulnerability
Potions
 d - 6 potions of might
 g - 2 potions of haste
 o - 2 potions of cancellation
 q - 8 potions of curing
 r - 4 potions of agility
 z - a potion of flight
 A - 8 potions of heal wounds
 E - a potion of mutation
Books
 P - a book of Maledictions

   Spells                             Type                      Level
   a - Corona                         Hexes                        1
   b - Ensorcelled Hibernation        Hexes/Ice                    2
   c - Confuse                        Hexes                        3
   d - Tukima's Dance                 Hexes                        3
   e - Dazzling Spray                 Conjuration/Hexes            3
Miscellaneous
 a - a lightning rod (4/4)
Comestibles
 m - 7 royal jellies
 x - 9 meat rations
 O - a bread ration


   Skills:
 + Level 12.2 Fighting
   Level 1.3 Long Blades
 + Level 16.8(17.3) Axes
 + Level 6.1(11.3) Polearms
 + Level 12.3 Armour
 + Level 2.9 Dodging
 + Level 5.5 Stealth
 + Level 10.7 Shields
 + Level 5.2 Invocations
 + Level 0.2 Evocations


You had 13 spell levels left.
You didn't know any spells.

Dungeon Overview and Level Annotations

Branches:
Dungeon (12/15)            Temple (0/1) D:4            Lair (4/6) D:11
 Shoals (0/4) Lair:4       Spider (1/4) Lair:2          Orc (1/2) D:10

Altars:
Elyvilon
Fedhas
Kikubaaqudgha
Makhleb
Okawaru
Qazlal
Zin

Shops:
D:4 *   D:7 (


Innate Abilities, Weirdness & Mutations

You can walk on water.
You possess an exceptional clarity of mind.
You are frail. (-10% HP)
You occasionally shout uncontrollably at your foes.


Message History

The redback bites you but does no damage.
The jumping spider pounces on you!
You are even more entangled.
The jumping spider bites you but does no damage.
The redback bites you!
The redback bites you but does no damage.
Your orc priest hits the redback with a hand axe.
The redback completely misses you. The jumping spider pounces on you!!
* * * LOW HITPOINT WARNING * * *
The jumping spider bites you but does no damage.
The redback bites you but does no damage.
You begin recalling your allies.
Your orc knight is recalled.
Your orc sorcerer is recalled.
Morun is recalled.
The redback bites you.
* * * LOW HITPOINT WARNING * * *
You are lethally poisoned!
The redback poisons you! The jumping spider pounces on you!
* * * LOW HITPOINT WARNING * * *
The jumping spider bites you but does no damage.
The redback bites you!
You die...

####oo###........###.....#.......
##oo### #........##............##
oo### ##oo.##..#.#.........#..##
o## ###.o#..#..............†##..
######.o..#..##..#............##.
..#.oo.##.#..##....o...........#.
#ooo.####.##.##..................
##.### *####.#.oss...............
#.# *,* ##o.o@s.o)(..........#
*###* *,**#..###s.............#.
..#.#* *,#...## ##o).........##^#
.....###....#* ##.#..........#.#.
........#...# #o###........##.#.
.......*##..* #o####...#.###....
......#**..**###.o.######.##.##..
......###.####...o.# ##..####.
......##..##......o## #(## ##


You could see a jumping spider (berserk), 3 redbacks, 2 friendly orc knights, a
friendly orc sorcerer, the friendly Brunolf the orc sorcerer, a friendly orc
priest and the friendly Morun the orc priest.

Vanquished Creatures
  An emperor scorpion (Spider:1)
  2 entropy weavers (Spider:1)
  A minotaur (Lab)
  2 two-headed ogres
  A queen ant (Spider:1)
  Urug (Lair:3)
  Sonja (D:10)
  The ghost of RobertSmithOfTheCure the Cleaver, a novice MiBe of Trog (D:6)
  An unseen horror (D:11)
  A wolf spider (Spider:1)
  Pikel (D:6)
  2 orb spiders (Spider:1)
  An orc sorcerer (Orc:1)
  A manticore (D:9)
  A merfolk siren (Lair:4)
  Joseph (D:8)
  5 elephants
  A black mamba (Lair:4)
  4 spiny frogs
  Psyche (D:9)
  3 komodo dragons
  2 demonic crawlers (Spider:1)
  2 rime drakes (Lair:4)
  A queen bee (Lair:2)
  3 trolls
  8 jumping spiders
  5 hippogriffs
  2 blink frogs (Lair:2)
  Sigmund (D:4)
  12 redbacks
  8 tarantellas (Spider:1)
  A wyvern (Lair:2)
  A wraith (D:10)
  4 yaks (D:11)
  A basilisk (Lair:2)
  Grum (Lair:1)
  4 hungry ghosts (Lab)
  Menkaure (D:4)
  13 soldier ants (Spider:1)
  6 water moccasins
  An ice beast (D:8)
  5 porcupines
  5 orc warriors
  A slave (D:7)
  4 sky beasts
  3 phantoms
  8 centaurs
  2 necrophages (D:9)
  3 ogres
  5 crocodiles
  16 wolves
  2 elf zombies (D:4)
  A wyvern zombie (D:9)
  8 bullfrogs
  2 wyvern skeletons
  2 scorpions
  7 wights
  The ghost of Morgon the Slasher, a weakling DsMo (D:3)
  A howler monkey (D:10)
  2 bullfrog zombies
  3 crimson imps
  A quasit (D:10)
  2 human zombies (D:4)
  A centaur skeleton (D:11)
  2 jellies
  A gnoll shaman (D:4)
  6 hounds
  4 orc priests
  7 orc wizards
  4 bullfrog skeletons
  6 iguanas
  20 worker ants
  A hound zombie (D:7)
  A hound skeleton (D:4)
  A mummy (D:9)
  2 worker ant zombies
  8 gnolls
  A howler monkey skeleton (D:5)
  11 adders
  4 river rats (D:5)
  2 shadow imps
  2 oozes
  2 adder zombies
  2 adder skeletons
  A worm (D:3)
  3 dart slugs
  4 leopard geckos
  20 orcs
  2 ball pythons
  7 bats
  4 giant cockroaches
  4 gnoll zombies (Ossuary)
  9 goblins
  11 hobgoblins
  12 jackals
  10 kobolds
  5 quokkas
  3 frilled lizards
  2 gnoll skeletons (Ossuary)
  A goblin skeleton (Ossuary)
  A goblin zombie (Ossuary)
  A hobgoblin zombie (Ossuary)
  A jackal skeleton (D:4)
  2 kobold zombies (Ossuary)
  2 leopard gecko skeletons (D:4)
  A leopard gecko zombie (D:6)
  4 orc skeletons
  An orc zombie (D:4)
  A quokka zombie (D:5)
  8 rats
  A rat skeleton (Ossuary)
  A bush (D:3)
  3 fungi
  2 plants
409 creatures vanquished.

Vanquished Creatures (collateral kills)
  3 hydras
  A two-headed ogre (D:8)
  An unseen horror (D:12)
  The ghost of Squip the Cleaver, a novice FoFi of Okawaru (D:7)
  An orb spider (Spider:1)
  4 wolf spiders (Spider:1)
  An ugly thing (D:11)
  A cyclops (Orc:1)
  3 elephants
  A black mamba (Lair:2)
  2 spiny frogs
  A komodo dragon (Lair:2)
  2 demonic crawlers (Spider:1)
  A troll (D:11)
  A jumping spider (Spider:1)
  A hippogriff (Lair:3)
  3 blink frogs
  A meliai zombie (D:10)
  3 redbacks (Spider:1)
  A vampire (D:11)
  A tarantella (Spider:1)
  A wyvern (D:8)
  A yak (D:11)
  7 soldier ants (Spider:1)
  A swamp drake (Lair:3)
  4 orc warriors
  2 porcupines (Lair:4)
  A sky beast (D:10)
  An ice beast (D:10)
  2 necrophages
  An ogre (D:6)
  3 wolves
  A centaur (D:10)
  4 bullfrogs
  3 killer bees (D:10)
  2 wights (D:10)
  2 howler monkeys
  2 crimson imps
  A hound (D:10)
  A jelly (D:8)
  2 orc priests (Orc:1)
  A bullfrog skeleton (D:6)
  An iguana (D:7)
  An orc wizard (Orc:1)
  6 worker ants
  A mummy (D:9)
  A worker ant zombie (D:10)
  An adder (D:11)
  A gnoll (D:7)
  7 orcs
  5 fungi
  8 plants
109 creatures vanquished.

Vanquished Creatures (others)
  An orc knight (Spider:1)
  3 orc warriors
  An orc sorcerer (Spider:1)
  A soldier ant (Spider:1)
  A sky beast (D:7)
  2 orc wizards (Spider:1)
  A scorpion (D:7)
  4 orc priests
  4 mummies (Ossuary)
  A worker ant zombie (D:7)
  A gnoll (D:7)
  28 orcs
  2 gnoll zombies (Ossuary)
  2 quokkas (D:7)
  6 goblin skeletons (Ossuary)
  3 goblin zombies (Ossuary)
  4 hobgoblin skeletons (Ossuary)
  4 hobgoblin zombies (Ossuary)
  3 kobold skeletons (Ossuary)
  3 kobold zombies (Ossuary)
  An orc skeleton (Ossuary)
  4 rat skeletons (Ossuary)
  5 rat zombies (Ossuary)
85 creatures vanquished.

Grand Total: 603 creatures vanquished

Notes
Turn   | Place    | Note
-------+----------+-------------------------------------------
     0 | D:1      | recordrepeat the Hill Orc Fighter began the quest for the Orb.
     0 | D:1      | Reached XP level 1. HP: 19/19 MP: 1/1
   137 | D:1      | Reached XP level 2. HP: 24/27 MP: 2/2
   336 | D:1      | Reached skill level 3 in Axes
   627 | D:1      | Reached XP level 3. HP: 33/33 MP: 3/3
  1864 | D:3      | Reached XP level 4. HP: 40/40 MP: 4/4
  2093 | D:3      | Found a blossoming altar of Fedhas.
  2165 | D:3      | Noticed Morgon's ghost (weakling DsMo)
  2189 | D:3      | Killed Morgon's ghost
  2189 | D:3      | Reached skill level 4 in Axes
  2189 | D:3      | Reached XP level 5. HP: 29/46 MP: 5/5
  2357 | D:3      | Found a burning altar of Makhleb.
  2367 | D:3      | Noticed a cacodemon
  2370 | D:3      | Found a glowing silver altar of Zin.
  2370 | D:3      | Noticed an angel
  2428 | D:3      | Noticed a sky beast
  2440 | D:3      | Killed a sky beast
  2440 | D:3      | Reached skill level 5 in Axes
  2440 | D:3      | Reached skill level 1 in Dodging
  2696 | D:3      | Reached XP level 6. HP: 51/52 MP: 6/6
  3007 | D:3      | Found a white marble altar of Elyvilon.
  3007 | D:3      | Found a stormy altar of Qazlal.
  3007 | D:3      | Found an iron altar of Okawaru.
  3284 | D:4      | Became a worshipper of Beogh the Brigand
  3518 | D:4      | Reached skill level 6 in Axes
  3529 | D:4      | Noticed Sigmund
  3541 | D:4      | Killed Sigmund
  3541 | D:4      | Reached XP level 7. HP: 46/60 MP: 7/7
  3562 | D:4      | Found a staircase to the Ecumenical Temple.
  3564 | D:4      | Reached * piety under Beogh
  3597 | D:4      | Reached skill level 7 in Axes
  3660 | D:4      | Found Uhukeidu's Assorted Antiques.
  3686 | D:4      | Noticed Menkaure
  3692 | D:4      | Killed Menkaure
  3692 | D:4      | Reached skill level 5 in Fighting
  3784 | D:4      | Found a sand-covered staircase.
  3800 | D:4      | Reached skill level 8 in Axes
  3800 | D:4      | Reached skill level 5 in Armour
  3804 | Ossuary  | Entered an ossuary
  4025 | Ossuary  | Reached ** piety under Beogh
  4362 | D:4      | Reached skill level 5 in Shields
  4362 | D:4      | Reached XP level 8. HP: 62/68 MP: 8/8
  4941 | D:4      | Found an ancient bone altar of Kikubaaqudgha.
  5114 | D:5      | Entered Level 5 of the Dungeon
  5194 | D:5      | Reached skill level 9 in Axes
  5750 | D:4      | Bought a brightly glowing helmet for 256 gold pieces
  5755 | D:4      | Identified the cursed -7 helmet "Ciaty" {rElec rN+ Int+3 Stlth+} (You bought it in a shop on level 4 of the Dungeon)
  6628 | D:5      | Reached skill level 10 in Axes
  6742 | D:6      | Reached XP level 9. HP: 50/75 MP: 9/9
  6865 | D:6      | Noticed a two-headed ogre
  7115 | D:7      | Noticed Pikel
  7135 | D:6      | Killed Pikel
  7135 | D:6      | Reached skill level 11 in Axes
  7139 | D:6      | Killed a two-headed ogre
  7139 | D:6      | Reached skill level 12 in Axes
  7148 | D:7      | Reached *** piety under Beogh
  7562 | D:6      | Noticed RobertSmithOfTheCure's ghost (novice MiBe)
  7580 | D:6      | Reached XP level 10. HP: 65/86 MP: 10/10
  7583 | D:6      | Killed RobertSmithOfTheCure's ghost
  7583 | D:6      | Reached skill level 1 in Stealth
  8059 | D:6      | Reached skill level 13 in Axes
  8329 | D:7      | Noticed Squip's ghost (novice FoFi)
  8349 | D:7      | Killed Squip's ghost
  8587 | D:7      | Found Wiabumos's Antique Weapon Shop.
  9447 | D:8      | Got a slimy spear
  9448 | D:8      | Identified the +5 spear of the Goat {pierce, *Corrode rElec rPois Str+3} (You found it on level 8 of the Dungeon)
  9556 | D:8      | Noticed Joseph
  9571 | D:8      | Killed Joseph
  9571 | D:8      | Reached **** piety under Beogh
  9773 | D:8      | Noticed a two-headed ogre
  9779 | D:8      | Killed a two-headed ogre
  9987 | D:8      | Reached skill level 1 in Polearms
 10374 | D:9      | Noticed Psyche
 10382 | D:9      | Killed Psyche
 10574 | D:9      | Reached XP level 11. HP: 64/95 MP: 11/11
 10783 | D:10     | Entered Level 10 of the Dungeon
 10823 | D:10     | Noticed Sonja
 10829 | D:10     | Killed Sonja
 11523 | D:9      | Noticed a manticore
 11575 | D:9      | Killed a manticore
 11815 | D:10     | Gained mutation: Your body sometimes deteriorates upon taking damage. [potion of mutation]
 11815 | D:10     | Gained mutation: You are partially covered in large bone plates. (SH +4) [potion of mutation]
 11816 | D:10     | Lost mutation: Your body sometimes deteriorates upon taking damage. [potion of mutation]
 11816 | D:10     | Lost mutation: You are partially covered in large bone plates. (SH +4) [potion of mutation]
 11816 | D:10     | Gained mutation: You occasionally shout uncontrollably at your foes. [potion of mutation]
 11816 | D:10     | Gained mutation: You are frail. (-10% HP) [potion of mutation]
 11816 | D:10     | Gained mutation: You possess an exceptional clarity of mind. [potion of mutation]
 11861 | D:10     | Reached skill level 1 in Invocations
 11985 | D:10     | Reached skill level 5 in Polearms
 12156 | D:7      | Bought a dazzling war axe for 289 gold pieces
 12156 | D:7      | Identified the +8 war axe of Fortitude {chaos, rElec MR+ Stlth-} (You bought it in a shop on level 7 of the Dungeon)
 12339 | D:10     | Found a staircase to the Orcish Mines.
 12662 | Orc:1    | Entered Level 1 of the Orcish Mines
 12669 | Orc:1    | Noticed an orc sorcerer
 12677 | Orc:1    | Killed an orc sorcerer
 12729 | Orc:1    | Reached ***** piety under Beogh
 12816 | D:11     | Noticed a purple ugly thing
 12822 | D:11     | Killed a purple ugly thing
 12822 | D:11     | Reached skill level 14 in Axes
 13056 | D:11     | Found a labyrinth entrance.
 13067 | Lab      | Entered a labyrinth
 13243 | Lab      | Noticed a minotaur
 13249 | Lab      | Killed a minotaur
 13256 | Lab      | Got a twisted glaive
 13352 | D:11     | Identified the +5 glaive of Pimp {chop, Dex+3} (You found it in a labyrinth)
 13520 | D:11     | Killed an unseen horror
 13755 | D:11     | Noticed a two-headed ogre
 13763 | D:11     | Killed a two-headed ogre
 13763 | D:11     | Reached XP level 12. HP: 47/94 MP: 11/14
 13984 | D:11     | Found a staircase to the Lair.
 14578 | Lair:1   | Entered Level 1 of the Lair of Beasts
 14578 | Lair:1   | Noticed a six-headed hydra
 14594 | D:11     | Killed a seven-headed hydra
 14594 | D:11     | Gained Brunolf as an ally
 14594 | D:11     | Reached skill level 15 in Axes
 15366 | Lair:1   | Noticed Grum
 15374 | Lair:1   | Killed Grum
 15795 | Lair:2   | Reached skill level 10 in Fighting
 15803 | Lair:2   | Reached skill level 10 in Armour
 15850 | Lair:2   | Got a warped chain mail
 15861 | Lair:2   | Identified the +8 chain mail of Sirghigao {rPois rCorr Str-5} (You found it on level 2 of the Lair of Beasts)
 16231 | Lair:2   | Found a hole to the Spider Nest.
 16668 | Lair:2   | Reached XP level 13. HP: 91/102 MP: 15/15
 16777 | Lair:3   | Noticed Urug
 16788 | Lair:3   | Killed Urug
 17051 | Lair:3   | Reached skill level 16 in Axes
 17229 | Lair:3   | Reached skill level 1 in Long Blades
 18038 | Lair:4   | Found a staircase to the Shoals.
 18070 | Lair:4   | Reached skill level 10 in Shields
 18598 | Lair:4   | Reached ****** piety under Beogh
 19339 | Spider:1 | Entered Level 1 of the Spider Nest
 19392 | Spider:1 | Noticed an emperor scorpion
 19408 | Spider:1 | Killed an emperor scorpion
 20235 | Spider:1 | Noticed an entropy weaver
 20240 | Spider:1 | Noticed an entropy weaver
 20255 | Spider:1 | Gained Worak as an ally
 20545 | Spider:1 | Your ally Worak died
 20548 | Spider:1 | Killed an entropy weaver
 20564 | Spider:1 | Reached skill level 5 in Stealth
 21408 | Spider:1 | Gained Morun as an ally
 21664 | Spider:1 | Reached XP level 14. HP: 112/112 MP: 17/17
 21926 | Spider:1 | Gained Murdo as an ally
 21972 | Spider:1 | Your ally Murdo died
 21974 | Spider:1 | Reached skill level 5 in Invocations
 22284 | Spider:1 | Gained Morguth as an ally
 22405 | Spider:1 | Killed an entropy weaver
 22411 | Spider:1 | Your ally Murdo died
 22712 | Spider:1 | Mangled by a redback

Skill      XL: |  1  2  3  4  5  6  7  8  9 10 11 12 13 14 |
---------------+-------------------------------------------+-----
Axes           | 3 4 5 6 8 10 12 13 14 15 16 | 16.8
Fighting       | 4 5 6 7 8 9 10 11 12 | 12.2
Armour         | 4 5 6 7 9 10 12 | 12.3
Dodging        | 1 2 |  2.9
Shields        | 4 5 6 7 8 9 10 | 10.7
Stealth        | 2 3 5 |  5.5
Polearms       | 2 5 6 |  6.1
Invocations    | 3 4 5 |  5.2
Long Blades    | 1 |  1.3
Evocations     | |  0.2

Action                   |  1- 3 |  4- 6 |  7- 9 | 10-12 | 13-15 || total
-------------------------+-------+-------+-------+-------+-------++-------
Melee: War axe           |   102 |   211 |   422 |   377 |   304 ||  1416
       Spear             |       |       |       |   168 |    24 ||   192
       Triple sword      |       |       |       |     6 |       ||     6
Invok: Convert to Beogh  |       |     1 |       |       |       ||     1
       Recall Orcish Fol |       |       |       |    29 |    30 ||    59
       Stop Recall       |       |       |       |     4 |     5 ||     9
       Give Item to Name |       |       |       |     1 |     3 ||     4
       Resurrection      |       |       |       |       |     1 ||     1
Evoke: Wand              |       |       |     1 |       |       ||     1
  Use: Scroll            |       |     4 |     5 |     7 |     6 ||    22
       Potion            |       |     1 |     1 |     2 |     1 ||     5
 Stab: Distracted        |       |     1 |     1 |    12 |     7 ||    21
       Paralysed         |       |       |       |     9 |     9 ||    18
       Confused          |       |       |       |       |     3 ||     3
       Petrifying        |       |       |       |       |     2 ||     2
  Eat: Chunk             |     3 |     5 |    10 |    17 |    13 ||    48
       Bread ration      |       |       |     1 |     4 |     1 ||     6
Armor: Scale mail        |    45 |    22 |       |       |       ||    67
       Chain mail        |       |    57 |   118 |       |       ||   175
       Plate armour      |       |       |    38 |   247 |   161 ||   446
Dodge: Dodged            |    34 |    33 |    79 |    91 |    84 ||   321
Block: Shield            |    63 |    93 |   202 |   260 |   185 ||   803
